 Dungeon Crawl Stone Soup version 0.28.0-45-g0d030f2227 (webtiles) character file.

Game seed: 5172441865485040213

720 Zeld the Shield-Bearer (level 7, -4/91 HPs)
             Began as a Minotaur Fighter on Apr 11, 2022.
             Killed from afar by an orc wizard (10 damage)
             ... with a puff of flame
             ... on level 6 of the Dungeon.
             The game lasted 00:02:48 (3514 turns).

Zeld the Shield-Bearer (Minotaur Fighter)           Turns: 3514, Time: 00:02:49

Health: -4/91      AC: 23    Str: 23    XL:     7   Next: 42%
Magic:  6/6        EV:  2    Int:  5    God:
Gold:   172        SH:  0    Dex:  9    Spells: 6/6 levels left

rFire   . . .      SeeInvis .   a - +0 war axe
rCold   . . .      Faith    .   c - +0 buckler
rNeg    . . .      Spirit   .   (armour currently unavailable)
rPois   +          Reflect  .   (helmet currently unavailable)
rElec   .          Harm     .   (cloak currently unavailable)
rCorr   .          Rampage  .   (gloves currently unavailable)
Will    .....      NoTele   +   (boots currently unavailable)
Stlth   +.........              (no amulet)
HPRegen 0.25/turn               (no ring)
MPRegen 0.10/turn               (no ring)

@: confused, lethally poisoned (-4 -> -7), tree-form
A: stationary, stasis, torment immunity, boosted hp, (horns 2), (retaliatory
headbutt)
a: no special abilities


You were on level 6 of the Dungeon.
You were a tree.
You visited 1 branch of the dungeon, and saw 6 of its levels.

You collected 172 gold pieces.

Inventory:

Hand Weapons
 a - a +0 war axe (weapon)
Armour
 b - a +0 scale mail (melded)
 c - a +0 buckler (worn)
Jewellery
 d - a ring of protection from fire
Wands
 h - a wand of flame (32)
 k - a wand of polymorph (5)
Scrolls
 e - a scroll of magic mapping {unknown}
 f - 3 scrolls of identify {unknown}
Potions
 g - a potion of heal wounds {unknown}
 i - a potion of lignification
 j - a potion of curing {unknown}


   Skills:
 + Level 5.1 Fighting
 * Level 5.7 Axes
 + Level 5.1 Armour
 + Level 3.1 Dodging
 * Level 6.4 Shields


You had 6 spell levels left.
You didn't know any spells.
Your spell library was empty.

Dungeon Overview and Level Annotations

Branches:
Dungeon (6/15)
 Temple: D:4-7

Altars:

Shops:
D:3 ?   D:5 (

Annotations:
D:5 Dowan, Duvessa


Innate Abilities, Weirdness & Mutations

You are a tree.
Your roots penetrate the ground, keeping you stationary.
You cannot be teleported.
You are immune to unholy pain and torment.
Your maximum health is greatly increased.
Your equipment is partially melded.
((You have a pair of horns on your head.))
((You reflexively headbutt those who attack you in melee.))


Message History

You barely miss the scorpion. You headbutt the scorpion.
The scorpion is moderately wounded.
You barely miss something.
You feel very sick. The scorpion stings you.
You are more poisoned.
The scorpion poisons you! Something hits you.
You closely miss the scorpion. You headbutt the scorpion.
The scorpion is heavily wounded.
You hit something.
You feel very sick. The scorpion stings you!
Something hits you but does no damage. The scorpion stings you!
* * * LOW HITPOINT WARNING * * *
It was a potion of lignification.
You turn into a tree.
Your +0 scale mail melds into your body.
Your roots penetrate the ground.
You feel very sick. You block something's attack.
You block the scorpion's attack.
You cannot move.
Unknown command.
You feel very sick. Something hits you but does no damage.
The scorpion stings you but does no damage.
You feel sick.
You hear some strange, mumbled words.
You are confused.
The scorpion stings you but does no damage.
You barely miss something. You hit the scorpion.
You feel sick.
The scorpion stings you but does no damage.
Something hits you but does no damage.
The scorpion stings you but does no damage.
Something hits you.
* * * LOW HITPOINT WARNING * * *
You attack the rock wall.
You feel sick.
The scorpion stings you but does no damage.
You hear some strange, mumbled words.
A puff of flame appears from out of thin air!
The puff of flame hits you!
You die...

............# ............#
............+ .......)....#
........"...# ............#
......s){...# #+# #♣# # #.# #.#
#+# #.#.# #.##########.###+#
#.#.######>...............#
#.........................#
###.######.................
########.#........####..........
#(.......#.######.####.#.#####..
#........#.#....................


You could see a scorpion.

Vanquished Creatures
  An orc warrior (D:4)
  2 ogres
  2 scorpions
  An orc priest (D:6)
  2 hounds
  Natasha (D:3)
  2 orc wizards
  A hound skeleton (D:4)
  4 gnolls (D:4)
  4 adders
  An ufetubus (D:6)
  An adder skeleton (D:4)
  2 worms (D:4)
  A dart slug (D:1)
  9 orcs
  3 ball pythons
  4 endoplasms
  A giant cockroach (D:4)
  7 goblins
  A hobgoblin (D:4)
  7 jackals
  6 quokkas
  4 bats
  2 frilled lizards
  7 kobolds
  6 rats
82 creatures vanquished.

Notes
Turn   | Place    | Note
-------+----------+-------------------------------------------
     0 | D:1      | Zeld the Minotaur Fighter began the quest for the Orb.
     0 | D:1      | Reached XP level 1. HP: 19/19 MP: 0/0
   236 | D:1      | Reached XP level 2. HP: 22/27 MP: 1/1
   301 | D:1      | Reached skill level 4 in Shields
   587 | D:1      | You fall into a shaft and drop 1 floor!
   602 | D:2      | Reached skill level 1 in Dodging
   602 | D:2      | Reached XP level 3. HP: 30/33 MP: 2/2
   774 | D:3      | Found Bofoodig's Magic Scroll Shop.
   886 | D:3      | Noticed Natasha
   893 | D:3      | Reached XP level 4. HP: 33/40 MP: 3/3
   898 | D:3      | Killed Natasha
  1164 | D:4      | Reached XP level 5. HP: 39/46 MP: 4/4
  1232 | D:4      | Noticed an ogre
  1239 | D:4      | Killed an ogre
  1240 | D:4      | Reached skill level 5 in Shields
  1240 | D:4      | Noticed an orc warrior
  1248 | D:4      | Killed an orc warrior
  1249 | D:4      | Reached XP level 6. HP: 15/53 MP: 5/5
  1612 | D:4      | Identified the ring of Dim Light {Wiz rC+}
  2227 | D:5      | Entered Level 5 of the Dungeon
  2262 | D:5      | Reached skill level 5 in Axes
  2319 | D:5      | Reached skill level 6 in Shields
  2347 | D:5      | Noticed Duvessa
  2347 | D:5      | Noticed Dowan
  2458 | D:5      | Found Xagos's Weapon Shoppe.
  2468 | D:6      | Reached XP level 7. HP: 12/59 MP: 6/6
  2985 | D:6      | Identified the +10 trident "Wehaxky" {drain, rC+ Str-5
                  | Dex+4}
  3044 | D:6      | Reached skill level 5 in Fighting
  3044 | D:6      | Reached skill level 5 in Armour
  3514 | D:6      | Killed from afar by an orc wizard

Illustrated notes

Levels and vault maps discovered:
D:1:      dpeg_arrival_shelter, layout_loops_cross, serial_bayou_pond_d
D:2:      layout_loops_ring
D:3:      layout_rooms, serial_shops, shop, grunt_decor_fettered, uniq_natasha
D:4:      layout_loops_ring, minmay_fountain_box, minmay_checkerbox
D:5:      nicolae_cairo_tiling_large_dashed, layout_basic, lemuel_round_altar,
          minmay_temple_entry_grid, serial_shops, shop,
          nicolae_shop_bloodbath_and_beyond, fountainhead, uniq_duvessa
D:6:      layout_basic, nrook_campfire, minivault_10

Skill      XL: |  1  2  3  4  5  6  7 |
---------------+----------------------+-----
Shields        | 4 5 6 |  6.4
Axes           | 3 4 5 |  5.7
Dodging        | 1 2 3 |  3.1
Fighting       | 4 5 |  5.1
Armour         | 4 5 |  5.1

Action                   |  1- 3 |  4- 6 |  7- 9 || total
-------------------------+-------+-------+-------++-------
Melee: War axe           |    59 |    82 |    24 ||   165
       Headbutt          |     4 |    12 |     5 ||    21
  Use: Potion            |       |     1 |     1 ||     2
Armor: Scale mail        |    32 |    39 |    13 ||    84
       Skin              |       |       |     7 ||     7
Dodge: Dodged            |    32 |    58 |    21 ||   111
Block: Buckler           |    15 |    20 |     8 ||    43
